[Event "Team 45 45 League T66"]
[Site "Internet Chess Club"]
[Date "2015.10.08"]
[Round "6"]
[White "QuieroAprender"]
[Black "KidRattler"]
[Result "1-0"]
[WhiteElo "1760"]
[BlackElo "1727"]
[Opening "Two knights defense"]
[ECO "C57"]
[Time "20:06:44"]
[TimeControl "2700+45"]

1. e4 e5 2. Nf3 Nc6 3. Bc4 Nf6 4. Ng5 Nxe4 5. Bxf7+ Ke7 6. Nxe4 Kxf7 7. O-O Be7
8. f4 Bf6 9. fxe5 Nxe5 10. d4 Ng6 11. Nxf6 gxf6 12. Bg5 Qe8 13. Bxf6 Qe3+ 14.
Kh1 Nf4 15. Bxh8 Kg8 16. Rxf4 Qxf4 17. Be5 Qe4 18. Nc3 Qg6 19. Nd5 Kf7 20. Qf3+
Ke6 21. Nf4+ Ke7 22. Nxg6+ hxg6 23. Qf6+ Ke8 24. Qh8+ Kf7 25. Rf1+ Ke6 26. Qg8+
Ke7 27. Qf7+ Kd8 28. Qf8# {Black checkmated} 1-0

[Event "Team 45 45 League T66"]
[Site "Internet Chess Club"]
[Date "2015.10.12"]
[Round "6"]
[White "BJJ"]
[Black "Andressa"]
[Result "1-0"]
[WhiteElo "1472"]
[BlackElo "1422"]
[Opening "Evans gambit: Tartakower attack"]
[ECO "C52"]
[Time "16:18:02"]
[TimeControl "2700+45"]

1. e4 e5 2. Nf3 Nc6 3. Bc4 Bc5 4. b4 Bxb4 5. c3 Ba5 6. d4 d6 7. Qb3 Qd7 8. O-O
Nf6 9. d5 Nd8 10. Bb5 c6 11. dxc6 Nxc6 12. Rd1 O-O 13. Ba3 Bc7 14. Nxe5 Qe6 15.
Qxe6 Bxe6 16. Nxc6 bxc6 17. Bxc6 Rad8 18. Nd2 Nd7 19. Nb3 Ne5 20. Nd4 Nc4 21.
Bc1 Ba5 22. Nxe6 fxe6 23. Bg5 Rc8 24. Bd7 Rc5 25. Bxe6+ Kh8 26. Bxc4 Rxc4 27.
Rxd6 Rxe4 28. Rad1 Kg8 29. Ra6 Bxc3 30. Be3 Ra8 31. Rd7 Rb4 32. g3 Rb2 33. Raxa7
Rxa7 34. Rxa7 Be1 35. Bd4 {Black resigns} 1-0

[Event "Team 45 45 League T66"]
[Site "Internet Chess Club"]
[Date "2015.10.10"]
[Round "6"]
[White "Egmont"]
[Black "Packerfan"]
[Result "0-1"]
[WhiteElo "1682"]
[BlackElo "1764"]
[Opening "Queen's pawn game"]
[ECO "D04"]
[Time "10:00:13"]
[TimeControl "2700+45"]

1. d4 Nf6 2. Nf3 d5 3. e3 Nbd7 4. Bd3 e6 5. Nbd2 Be7 6. O-O O-O 7. e4 Nxe4 8.
Nxe4 dxe4 9. Bxe4 Nf6 10. Bd3 b6 11. Ne5 Bb7 12. Be2 Qd6 13. Bf3 Bxf3 14. Nxf3
Rfd8 15. h3 c5 16. Be3 cxd4 17. Bxd4 Rac8 18. c3 Rc7 19. Qe2 Qd5 20. Rfe1 Rcd7
21. Qa6 Ne4 22. Rad1 Nc5 23. Qe2 Qxa2 24. Bxc5 Bxc5 25. Ne5 Rxd1 26. Rxd1 Rxd1+
27. Qxd1 Qd5 28. Qxd5 exd5 29. b4 Bd6 30. Nd3 a5 31. bxa5 bxa5 32. Nb2 Kf8 33.
Kf1 Ke7 34. Ke2 Kd7 35. Kd3 Kc6 36. c4 dxc4+ 37. Kxc4 h5 38. Na4 h4 39. f3 Be7
40. Nc3 Bd8 41. Na4 Kd6 42. Nc3 Ke5 43. Ne2 g5 44. Kc5 Be7+ 45. Kc4 a4 46. Nc3
a3 47. Kd3 Bd6 48. Kc2 Kf4 49. Ne2+ Ke3 50. Nc3 Bf8 51. Ne4 Be7 52. Nc3 Kf2
{White resigns} 0-1

[Event "Team 45 45 League T66"]
[Site "Internet Chess Club"]
[Date "2015.10.10"]
[Round "6"]
[White "Lrn2Mate"]
[Black "AVEMARIA"]
[Result "1-0"]
[WhiteElo "1590"]
[BlackElo "1573"]
[Opening "English: symmetrical, Botvinnik system"]
[ECO "A36"]
[Time "07:45:34"]
[TimeControl "2700+45"]

1. c4 c5 2. Nc3 Nc6 3. g3 g6 4. Bg2 Bg7 5. e4 Nf6 6. Nge2 d6 7. O-O O-O 8. d3
Bd7 9. Be3 Qc8 10. Qd2 Ne5 11. Rab1 Bh3 12. f4 Bxg2 13. Kxg2 Neg4 14. Bg1 e6 15.
h3 Nh6 16. g4 Nfxg4 17. hxg4 Nxg4 18. Rf3 f5 19. exf5 gxf5 20. d4 cxd4 21. Bxd4
e5 22. Bg1 Qxc4 23. Qd5+ Qxd5 24. Nxd5 e4 25. Rh3 Rac8 26. Ne7+ Kh8 27. Nxc8
Rxc8 28. Bd4 Rc2 29. Bxg7+ Kxg7 30. Kf1 e3 31. Nd4 Rf2+ 32. Ke1 Kg6 33. Rxe3
Rxf4 34. Re6+ Nf6 35. Rxd6 Rh4 36. Ke2 Rh2+ 37. Ke3 Rh3+ 38. Nf3 Kf7 39. Rf1 Ke7
40. Rd2 Ke6 41. Kd4 Ne4 42. Re2 Kd6 43. Rg2 {Black resigns} 1-0

[Event "Team 45 45 League T66"]
[Site "Internet Chess Club"]
[Date "2015.10.10"]
[Round "6"]
[White "whiskeytown"]
[Black "clarinetref"]
[Result "1-0"]
[WhiteElo "1589"]
[BlackElo "1628"]
[Opening "Sicilian: Canal-Sokolsky (Nimzovich-Rossolimo, Moscow) attack"]
[ECO "B51"]
[Time "21:04:36"]
[TimeControl "2700+45"]

1. e4 c5 2. Nf3 d6 3. Bb5+ Nd7 4. O-O a6 5. Bxd7+ Bxd7 6. c3 Bc6 7. d3 g6 8. Be3
Nf6 9. h3 Bg7 10. Nbd2 O-O 11. Rc1 e6 12. b4 cxb4 13. cxb4 Qe7 14. a3 Nd7 15.
Nc4 d5 16. Nb6 Nxb6 17. Bxb6 dxe4 18. Bc5 Qf6 19. Bxf8 exf3 20. Bxg7 Kxg7 21. g3
Rd8 22. Qc2 Qf5 23. Kh2 h5 24. Rfd1 h4 25. d4 Qd5 26. Qc4 Qg5 27. Qc5 Rd5 28.
Qc3 Rf5 29. d5+ Kh7 30. dxc6 hxg3+ 31. fxg3 f2 32. c7 {Black resigns} 1-0

[Event "Team 45 45 League T66"]
[Site "Internet Chess Club"]
[Date "2015.10.07"]
[Round "6"]
[White "tryanything"]
[Black "tightfist"]
[Result "1/2-1/2"]
[WhiteElo "1566"]
[BlackElo "1619"]
[Opening "Two knights defense"]
[ECO "C55"]
[Time "19:01:07"]
[TimeControl "2700+45"]

1. e4 Nc6 2. Nf3 e5 3. d4 exd4 4. Bc4 Nf6 5. O-O d6 6. Bg5 Be7 7. Re1 O-O 8.
Nxd4 Nxd4 9. Qxd4 Be6 10. Nc3 Bxc4 11. Qxc4 c6 12. Rad1 Qb6 13. Qb3 Qxb3 14.
axb3 Rad8 15. Ra1 a6 16. Na4 Rfe8 17. Nb6 Nd7 18. Bxe7 Rxe7 19. Nc4 Ne5 20. Nxe5
dxe5 21. Red1 Red7 22. Rxd7 Rxd7 23. Kf1 Rd2 24. Rc1 f6 25. Ke1 Rd4 26. f3 Kf7
27. c3 Rd6 28. Rd1 Ke6 29. Rxd6+ Kxd6 30. Kd2 Kc5 31. Kd3 a5 32. g4 b5 33. h4 g6
34. Kc2 h6 35. Kd3 Kd6 36. Ke3 c5 37. Kd3 Ke6 38. Ke3 h5 39. gxh5 gxh5 40. Kd3
f5 41. Ke3 Kf6 42. Kd3 f4 43. Kc2 Ke6 44. Kb1 Kd6 45. Ka2 Kc6 46. Ka3 Kb6 47.
Ka2 Kc6 48. Ka3 Kb6 {Game drawn by mutual agreement} 1/2-1/2

[Event "Team 45 45 League T66"]
[Site "Internet Chess Club"]
[Date "2015.10.11"]
[Round "6"]
[White "achessman"]
[Black "IshanR"]
[Result "0-1"]
[WhiteElo "1876"]
[BlackElo "1922"]
[Opening "Ruy Lopez: Schliemann defense, Berger variation"]
[ECO "C63"]
[Time "06:16:28"]
[TimeControl "2700+45"]

1. e4 e5 2. Nf3 Nc6 3. Bb5 f5 4. Nc3 fxe4 5. Nxe4 Nf6 6. Qe2 d5 7. Nxf6+ gxf6 8.
Nd4 Qd6 9. Qh5+ Kd8 10. Nxc6+ bxc6 11. Be2 Bd7 12. O-O Be8 13. Qh4 Bg6 14. d4
Be7 15. c3 Rg8 16. f4 Qe6 17. Qf2 Be4 18. Bf3 Bxf3 19. Qxf3 e4 20. Qh5 Qg4 21.
Qxg4 Rxg4 22. Be3 f5 23. Rf2 Kd7 24. Rc1 h5 25. c4 h4 26. Rfc2 Bd6 27. Rf2 Rb8
28. Rc3 Bb4 29. Rc1 Be7 30. c5 Bf6 31. Rc3 Rb4 32. Rd2 a5 33. Kf2 Rg8 34. Ke1
Rgb8 35. Rcc2 a4 36. Kd1 Ke6 37. Kc1 Rc4 38. Rxc4 dxc4 39. Kc2 Kd5 40. Kc3 Rb5
41. Rd1 Rxc5 42. Kc2 Rb5 43. Bf2 Rb8 44. Be3 Rg8 45. Rd2 h3 46. g3 Ra8 47. Kb1
a3 48. Bf2 Rb8 {White forfeits on time} 0-1

[Event "Team 45 45 League T66"]
[Site "Internet Chess Club"]
[Date "2015.10.11"]
[Round "6"]
[White "Signalman"]
[Black "cityprosecutor"]
[Result "1-0"]
[WhiteElo "1835"]
[BlackElo "1783"]
[Opening "Queen's pawn: London system"]
[ECO "A45"]
[Time "13:24:45"]
[TimeControl "2700+45"]

1. d4 Nf6 2. Bf4 c5 3. e3 g6 4. Nf3 Qb6 5. Nc3 Qxb2 6. Nb5 Na6 7. Rb1 Qxa2 8.
Ra1 Qb2 9. Rxa6 bxa6 10. Nc7+ Kd8 11. Nxa8 d6 12. Bd3 cxd4 13. O-O Qb7 14. Ng5
Ke8 15. Bxa6 Qxa8 16. Bxc8 Qxc8 17. Qxd4 h6 18. Nf3 e5 19. Nxe5 dxe5 20. Bxe5
Bc5 21. Qa1 {Black resigns} 1-0

[Event "Team 45 45 League T66"]
[Site "Internet Chess Club"]
[Date "2015.10.10"]
[Round "6"]
[White "Frankly"]
[Black "LiangLiang"]
[Result "0-1"]
[WhiteElo "1729"]
[BlackElo "1836"]
[Opening "Grünfeld: 4.Bf4"]
[ECO "D82"]
[Time "16:00:37"]
[TimeControl "2700+45"]

1. d4 Nf6 2. c4 g6 3. Nc3 d5 4. Bf4 Bg7 5. cxd5 Nxd5 6. Nxd5 Qxd5 7. Bxc7 Na6 8.
Bg3 Qa5+ 9. Qd2 Qxd2+ 10. Kxd2 Bxd4 11. Nf3 Bxb2 12. Rb1 Bg7 13. e3 Nc5 14. Bh4
Bf5 15. Bb5+ Kf8 16. Rbc1 Ne4+ 17. Ke1 Bc3+ 18. Kf1 Bb2 19. Rc7 f6 20. Rxb7 Rc8
21. g4 Bxg4 22. Kg2 Nd6 23. Rxa7 Nxb5 24. Rb7 Rc5 25. a4 Rf5 26. Ne1 Be2 27.
axb5 Rxb5 28. Rc7 Kf7 29. Rc2 Bd1 30. Rd2 Bb3 31. f3 Bc1 32. Rd3 g5 33. Bg3 Be6
34. Nc2 Bb2 35. Nd4 Bxd4 36. Rxd4 Rb2+ 37. Bf2 Rc8 38. Kg3 Rcc2 39. Rf1 h5 40.
h4 gxh4+ 41. Rxh4 Bc4 42. Rxc4 Rxc4 43. e4 Rcc2 44. Kg2 h4 45. Kg1 h3 46. Ba7
Rg2+ 47. Kh1 Rh2+ {White resigns} 0-1

[Event "Team 45 45 League T66"]
[Site "Internet Chess Club"]
[Date "2015.10.13"]
[Round "6"]
[White "NicoloPags"]
[Black "kidcobra"]
[Result "1-0"]
[WhiteElo "2132"]
[BlackElo "1822"]
[Opening "Queen's pawn: Torre attack"]
[ECO "A46"]
[Time "16:51:42"]
[TimeControl "2700+45"]

1. d4 Nf6 2. Nf3 e6 3. Bg5 Be7 4. e3 b6 5. Bd3 Bb7 6. Nbd2 d5 7. O-O O-O 8. Ne5
Nbd7 9. f4 Ne8 10. Qh5 g6 11. Qh6 Nxe5 12. dxe5 Bxg5 13. fxg5 Ng7 14. Rf3 Nf5
15. Bxf5 exf5 16. Rh3 Re8 17. Qxh7+ Kf8 18. Qh8+ Ke7 19. Qf6+ Kd7 20. Qxf7+ Qe7
21. Qxg6 Qxe5 22. Rh7+ Kc8 23. Re1 d4 24. e4 Re6 25. Qf7 Bc6 26. Nf3 Qd6 27. e5
Qd7 28. Qxd7+ Bxd7 29. Nxd4 Rg6 30. e6 Bxe6 31. Rxe6 Rxe6 32. Nxe6 Kb7 33. Rxc7+
Ka6 34. g6 f4 35. g7 f3 36. Nf8 f2+ 37. Kxf2 Ka5 38. g8=Q b5 39. Qf7 a6 40. Rb7
Rc8 41. Qf3 b4 42. Qd5+ Ka4 43. Qb3+ Ka5 44. Qxb4# {Black checkmated} 1-0

[Event "Team 45 45 League T66"]
[Site "Internet Chess Club"]
[Date "2015.10.10"]
[Round "6"]
[White "Timotheous"]
[Black "willhelm"]
[Result "0-1"]
[WhiteElo "1790"]
[BlackElo "1896"]
[Opening "English: London defensive system"]
[ECO "A05"]
[Time "10:04:12"]
[TimeControl "2700+45"]

1. Nf3 Nf6 2. c4 c6 3. g3 d5 4. b3 Bf5 5. Bg2 e6 6. O-O Bd6 7. d3 O-O 8. Bb2
Nbd7 9. Ba3 Bxa3 10. Nxa3 Qe7 11. Nc2 e5 12. Ne3 Be6 13. Ng5 d4 14. Nxe6 Qxe6
15. Nc2 Nc5 16. Na3 a5 17. Nc2 Rfd8 18. f3 Nh5 19. Re1 f5 20. Bh3 Qf7 21. Bg2 g5
22. Qd2 f4 23. g4 Nf6 24. Red1 Kg7 25. h3 Ne8 26. Rab1 Nd6 27. a4 Rdc8 28. Na3
Qd7 29. Qe1 b5 30. axb5 cxb5 31. h4 h6 32. hxg5 hxg5 33. Kf2 bxc4 34. bxc4 Na4
35. Rdc1 Qc7 36. Rb3 Rcb8 37. Rcb1 Rxb3 38. Rxb3 Nc5 39. Rb1 Na6 40. Qh1 Rh8 41.
Qd1 Rb8 42. Ra1 Nc5 43. Qc2 a4 44. Nb1 Qb6 45. Nd2 Qb2 46. Qd1 Qc3 47. Rc1 Qa5
48. Ra1 Rb2 49. Nb1 Qb4 {White resigns} 0-1

[Event "Team 45 45 League T66"]
[Site "Internet Chess Club"]
[Date "2015.10.08"]
[Round "6"]
[White "idjit"]
[Black "Innes"]
[Result "1/2-1/2"]
[WhiteElo "1577"]
[BlackElo "1626"]
[Opening "Giuoco Pianissimo"]
[ECO "C55"]
[Time "17:03:31"]
[TimeControl "2700+45"]

1. e4 e5 2. Nf3 Nc6 3. Bc4 Nf6 4. d3 Bc5 5. c3 d6 6. Bb3 h6 7. Nbd2 O-O 8. h3
Be6 9. Bc2 Nd7 10. Nf1 f5 11. d4 exd4 12. cxd4 Bb4+ 13. Bd2 Bxd2+ 14. N1xd2 fxe4
15. Nxe4 d5 16. Nc3 Qf6 17. O-O Nb6 18. Rc1 Bxh3 19. gxh3 Qxf3 20. Qxf3 Rxf3 21.
Nxd5 Nxd5 22. Be4 Rf6 23. Bxd5+ Kf8 24. Bxc6 bxc6 25. d5 Rb8 26. b3 Rb5 27. Rxc6
Rxc6 28. dxc6 Rc5 29. f3 Rxc6 30. Kg2 Kf7 31. Rf2 Kf6 32. Kg3 Kf5 33. Rd2 Rd6
34. Rc2 Rd7 35. Rc5+ Ke6 36. Rc6+ Kd5 37. Rc2 Rf7 38. Rd2+ Ke5 39. Rd8 c5 40.
Rd3 Rc7 41. Rd8 Ke6 42. f4 Kf5 43. Kf3 c4 44. bxc4 Rxc4 45. Rd5+ Ke6 46. Ra5 Rc7
47. a4 Rc3+ 48. Kg4 Rc7 49. h4 g6 50. h5 gxh5+ 51. Kxh5 Rc4 52. f5+ Kf6 53. Rxa7
Kxf5 54. a5 Ra4 55. a6 Ra1 56. Kxh6 Kf6 57. Kh7 Ke6 58. Ra8 Kd7 59. a7 Kc6 60.
Rc8+ Kb7 61. a8=Q+ Rxa8 62. Rxa8 Kxa8 {Game drawn because neither player has
mating material} 1/2-1/2

[Event "Team 45 45 League T66"]
[Site "Internet Chess Club"]
[Date "2015.10.12"]
[Round "6"]
[White "jjimalo"]
[Black "bobhill"]
[Result "0-1"]
[WhiteElo "1873"]
[BlackElo "1971"]
[Opening "Queen's pawn game, Darooha variation "]
[ECO "D02"]
[Time "12:00:35"]
[TimeControl "2700+45"]

1. d4 d5 2. Nf3 Nf6 3. g3 g6 4. Bg2 Bg7 5. O-O O-O 6. b3 c6 7. Bb2 Bg4 8. Ne5
Nbd7 9. Nxg4 Nxg4 10. Nd2 h5 11. Nf3 a5 12. a4 Qc7 13. Re1 Rfe8 14. h3 Nh6 15.
e4 e6 16. e5 Rac8 17. c4 Qb6 18. c5 Qa7 19. Bc3 b6 20. b4 axb4 21. cxb6 Qxb6 22.
a5 Qa7 23. Bxb4 c5 24. Bxc5 Nxc5 25. dxc5 Rxc5 26. a6 Rec8 27. Nd4 Nf5 28. Kh2
Ne7 29. Bf1 Nc6 30. Nb5 Qe7 31. Nd6 Ra8 32. Nb7 Rc3 33. f4 Nb4 34. Qa4 h4 35. g4
Nc2 36. Rac1 Qc7 37. Re2 Ne3 38. Rce1 Nxf1+ 39. Rxf1 Bf8 40. Ra2 Qb6 41. Re1 Rc4
42. Qd1 Rxa6 43. Rxa6 Qxa6 44. Nd6 Bxd6 45. exd6 Qxd6 46. Rf1 Qa3 47. Qf3 Rc3
{White resigns} 0-1

[Event "Team 45 45 League T66"]
[Site "Internet Chess Club"]
[Date "2015.10.10"]
[Round "6"]
[White "diegoami"]
[Black "MikeTtheGuru"]
[Result "0-1"]
[WhiteElo "1775"]
[BlackElo "2029"]
[Opening "Caro-Kann: advance variation"]
[ECO "B12"]
[Time "10:03:25"]
[TimeControl "2700+45"]

1. e4 c6 2. d4 d5 3. e5 Bf5 4. Nf3 e6 5. Bd3 Bxd3 6. Qxd3 Nd7 7. O-O Ne7 8. Nc3
Nf5 9. Ne2 Be7 10. g4 Nh4 11. Nxh4 Bxh4 12. Bf4 O-O 13. Kh1 c5 14. c3 Rc8 15.
Bg3 Bxg3 16. Nxg3 f6 17. f4 fxe5 18. fxe5 cxd4 19. cxd4 Qg5 20. h3 Nb8 21. Kg2
Nc6 22. a3 Ne7 23. Rad1 Ng6 24. Kh2 Rxf1 25. Nxf1 Rf8 26. Qg3 Nh4 27. Nd2 Rf4
28. Qe3 Rxg4 29. Qxg5 Rxg5 30. Rg1 Rf5 31. Kg3 g5 32. Rc1 Rf7 33. Rc3 Nf5+ 34.
Kg4 Nxd4 35. Kxg5 Kg7 36. Kg4 Kg6 37. h4 h5+ 38. Kg3 Ne2+ {White resigns} 0-1

[Event "Team 45 45 League T66"]
[Site "Internet Chess Club"]
[Date "2015.10.13"]
[Round "6"]
[White "elmaestro"]
[Black "Beetlejuice"]
[Result "1/2-1/2"]
[WhiteElo "1753"]
[BlackElo "1792"]
[Opening "English: Anglo-Dutch defense"]
[ECO "A87"]
[Time "13:27:26"]
[TimeControl "2700+45"]

1. c4 f5 2. g3 Nf6 3. Bg2 g6 4. Nf3 Bg7 5. O-O d6 6. d4 O-O 7. Nc3 Qe8 8. Nd5
Nxd5 9. cxd5 c6 10. dxc6 Nxc6 11. d5 Ne5 12. Nxe5 Bxe5 13. f4 Bg7 14. Rb1 b6 15.
Qd3 Bb7 16. b3 Qf7 17. Bb2 Rfc8 18. Bxg7 Qxg7 19. Rfc1 Rc5 20. Rxc5 dxc5 21. Qe3
Rd8 22. Qe6+ Kf8 23. Rd1 Qf7 24. Qe5 e6 25. Qh8+ Qg8 26. Qf6+ Ke8 27. Qe5 Qf7
28. Qh8+ Qf8 29. Qe5 Qf7 30. Qh8+ Qf8 31. Qe5 Qf7 {Game drawn by repetition}
1/2-1/2

[Event "Team 45 45 League T66"]
[Site "Internet Chess Club"]
[Date "2015.10.09"]
[Round "6"]
[White "mandrull"]
[Black "pishd"]
[Result "0-1"]
[WhiteElo "1667"]
[BlackElo "1769"]
[Opening "Queen's pawn game"]
[ECO "A46"]
[Time "06:09:30"]
[TimeControl "2700+45"]

1. d4 Nf6 2. Nf3 e6 3. Bf4 Nh5 4. Bg5 Be7 5. Bxe7 Qxe7 6. c3 d6 7. e4 e5 8. Nbd2
O-O 9. Bc4 Nc6 10. O-O Na5 11. Bd3 Nf4 12. Bc2 b6 13. dxe5 dxe5 14. b4 Nb7 15.
Nc4 Rd8 16. Qe1 Ng6 17. h3 Nd6 18. Nxd6 Rxd6 19. Qe3 Nf4 20. Rfd1 Rg6 21. Nxe5
Rxg2+ 22. Kh1 g5 23. Nc6 Qf6 24. Rd8+ Kg7 25. e5 Qh6 26. Ne7 Bxh3 27. Qxf4 gxf4
28. Rxa8 Bc8+ 29. Kxg2 Bb7+ 30. f3 Qg5+ 31. Kf2 Qg3+ 32. Ke2 Qxf3+ 33. Ke1 Qxc3+
34. Kf2 Qxc2+ {White resigns} 0-1

[Event "Team 45 45 League T66"]
[Site "Internet Chess Club"]
[Date "2015.10.08"]
[Round "6"]
[White "TerryMalloy"]
[Black "wildkingdumb4"]
[Result "1-0"]
[WhiteElo "2024"]
[BlackElo "1738"]
[Opening "Sicilian: Najdorf, 7...Be7"]
[ECO "B98"]
[Time "18:02:35"]
[TimeControl "2700+45"]

1. e4 c5 2. Nf3 d6 3. d4 cxd4 4. Nxd4 Nf6 5. Nc3 a6 6. Bg5 e6 7. f4 Be7 8. Qf3
h6 9. Bh4 Nbd7 10. O-O-O Qa5 11. Bxf6 Bxf6 12. f5 Ne5 13. Qh3 exf5 14. Nxf5 Bxf5
15. exf5 O-O 16. Kb1 Rfd8 17. Nd5 Bg5 18. Qg3 Kh7 19. f6 Bxf6 20. Nxf6+ gxf6 21.
Bd3+ Nxd3 22. Rxd3 Qe5 23. Qf3 Re8 24. Rhd1 Rad8 25. Qxb7 Re7 26. Qxa6 Qxh2 27.
Qa5 Rdd7 28. Qf5+ Kg7 29. Qg4+ Kf8 30. Rh3 Qe5 31. Rxh6 Re6 32. Rh8+ Ke7 33. Qg8
d5 34. Qf8# {Black checkmated} 1-0

[Event "Team 45 45 League T66"]
[Site "Internet Chess Club"]
[Date "2015.10.10"]
[Round "6"]
[White "fkramer"]
[Black "CaptK"]
[Result "0-1"]
[WhiteElo "1768"]
[BlackElo "1915"]
[Opening "Queen's pawn game"]
[ECO "A45"]
[Time "23:00:53"]
[TimeControl "2700+45"]

1. d4 Nf6 2. c3 g6 3. Nf3 Bg7 4. Bf4 d6 5. h3 O-O 6. e3 Nbd7 7. Bc4 Nb6 8. Bb3
a5 9. a4 Bf5 10. Nbd2 Bd3 11. Bc2 Bxc2 12. Qxc2 Nfd7 13. O-O e5 14. dxe5 Nxe5
15. Rfd1 Qe7 16. Nxe5 Bxe5 17. Bxe5 Qxe5 18. Nf3 Qe7 19. Nd4 Nd7 20. Nb5 Nf6 21.
Qd3 d5 22. c4 c6 23. Nd4 Rfd8 24. cxd5 Nxd5 25. Qb3 Qb4 26. Qxb4 Nxb4 27. Rac1
b6 28. Kf1 Rd6 29. Ke2 Rad8 30. b3 Kf8 31. Nf3 Na2 32. Rc2 Rxd1 33. Rxa2 R1d5
34. Nd4 c5 35. Nb5 Ke7 36. Rc2 f5 37. g3 g5 38. Nc3 Rd3 39. e4 fxe4 40. Nxe4
Rxb3 41. Nxg5 Kf6 42. Ne4+ Ke5 43. Nc3 Rb4 44. f4+ Kf5 45. Ke3 Re8+ 46. Kf3 Rd4
47. g4+ Kf6 48. f5 Rd3+ 49. Kg2 Ree3 50. Ne2 Rxh3 51. Rb2 Rb3 52. Rd2 Rhd3 53.
Rxd3 Rxd3 54. Nf4 Rd4 55. Kf3 c4 56. Ke3 Rd8 57. Ne6 Re8 58. Kd4 Rxe6 59. fxe6
Kxe6 60. Kxc4 Ke5 61. Kb5 Kf4 62. Kxb6 Kxg4 63. Kxa5 h5 64. Kb6 h4 65. a5 h3 66.
a6 h2 67. Ka7 h1=Q 68. Kb8 Qh8+ 69. Kb7 Qg7+ 70. Kb8 Qf8+ 71. Kb7 Qe7+ 72. Kb8
Qd6+ 73. Kb7 Qb4+ 74. Ka8 Qf8+ 75. Kb7 Qe7+ 76. Ka8 Qe8+ 77. Kb7 Qb5+ 78. Ka7
Kf5 {White resigns} 0-1

[Event "Team 45 45 League T66"]
[Site "Internet Chess Club"]
[Date "2015.10.11"]
[Round "6"]
[White "tightfist"]
[Black "clarinetref"]
[Result "1/2-1/2"]
[WhiteElo "1619"]
[BlackElo "1628"]
[Opening "Réti opening"]
[ECO "A04"]
[Time "22:02:30"]
[TimeControl "2700+45"]

1. Nf3 g6 2. d4 d5 3. e3 Bg7 4. c4 e6 5. Nc3 Nf6 6. Qb3 c6 7. Qa3 Nbd7 8. Bd3
Bf8 9. Qb3 Bg7 10. Qa3 Bf8 11. Qb3 Qb6 12. Bd2 a6 13. O-O Bg7 14. Qa3 c5 15. Na4
Qc6 16. Rfc1 dxc4 17. Bb1 b5 18. Nxc5 Nxc5 19. dxc5 Bb7 20. Bc3 O-O 21. b4 Rfd8
22. Bc2 Rd7 23. Qb2 Nh5 24. Rd1 Rad8 25. Rxd7 Rxd7 26. Rd1 Rxd1+ 27. Bxd1 Bxc3
28. Qxc3 Ng7 29. Qd4 Qd5 30. Qxd5 exd5 31. Nd4 Ne6 32. c6 Bc8 33. Ne2 Kf8 34.
Nc3 Nc7 35. Bf3 Ke7 36. Nxd5+ Nxd5 37. Bxd5 Be6 38. e4 Kd6 39. Kf1 Kc7 40. Ke2
h6 41. Kd2 g5 42. f3 Kd6 43. Kc3 h5 44. Kd4 g4 45. f4 Bxd5 46. exd5 f5 47. g3
Kc7 48. a3 Kd6 49. Kc3 Kc7 50. a4 Kd6 51. Kd4 Kc7 52. axb5 axb5 53. Kc3 Kd6 54.
Kc2 Kc7 55. Kd2 Kd6 56. Ke3 Kc7 57. Kd4 Kd6 58. Ke3 Kc7 59. Kd2 Kd6 60. Kd1 Kc7
61. Kc1 Kd6 62. Kb2 Kc7 63. Kc2 Kd6 64. Kc3 Kc7 65. Kd4 Kd6 66. Ke3 Kc7 67. Kd2
Kd6 68. Kc2 Kc7 {Game drawn by mutual agreement} 1/2-1/2